General information
- name: BNet
- type: Ladder team game (AT/RT)
- host: Battle.net
- saver: RodeoBoi
map: FullScaleAssault
- players: 8
- length: 49:55
- speed: Fast
- version: 1.26 W3XP
- replay type: Public
» download(260 KB)
Players
team 1 (winner)
Psychic (
green | 65 APM | 2633 actions | 40:49)
7 Demon Hunter
3 Mana Burn
3 Evasion
1 Metamorphosis
5 Naga Sea Witch
2 Frost Arrows
3 Forked Lightning
3 Pandaren Brewmaster
2 Breath of Fire
1 Drunken Haze
» actions
| Assign group hotkey | 33 | |
| Basic commands | 84 | |
| Build / train | 86 | |
| ESC pressed | 1 | |
| Enter build submenu | 34 | |
| Enter hero's abilities submenu | 16 | |
| Give item / drop item | 5 | |
| Right click | 973 | |
| Select / deselect | 778 | |
| Select group hotkey | 532 | |
| Use ability | 90 | |
2633 total
» units
| Wisp | 24 | |
| Archer | 9 | |
| Hippogryph | 8 | |
| Chimaera | 8 | |
49 total
» upgrades
| Ultravision | 1 | |
| Nature's Blessing | 1 | |
| Improved Bows | 1 | |
| Reinforced Hides | 3 | |
| Well Spring | 1 | |
| Strength of the Wild | 3 | |
| Corrosive Breath | 1 | |
11 total
» buildings
| Altar of Elders | 2 | |
| Moon Well | 12 | |
| Ancient of War | 1 | |
| Tree of Life | 3 | |
| Hunter's Hall | 3 | |
| Tree of Ages | 1 | |
| Ancient Protector | 2 | |
| Tree of Eternity | 1 | |
| Ancient of Wind | 4 | |
| Chimaera Roost | 5 | |
34 total
» build order
00:07 Altar of Elders
00:19 Moon Well
00:32 Ancient of War
01:31 Moon Well
02:26 Moon Well
03:45 Tree of Life
05:06 Hunter's Hall
05:55 Tree of Ages
07:26 Ancient Protector
07:29 Ancient Protector
09:29 Tree of Eternity
09:32 Ancient of Wind
09:34 Ancient of Wind
10:12 Moon Well
10:19 Moon Well
10:21 Moon Well
11:51 Chimaera Roost
11:54 Chimaera Roost
12:17 Moon Well
12:19 Moon Well
18:35 Altar of Elders
20:08 Moon Well
21:33 Ancient of Wind
21:35 Ancient of Wind
22:41 Hunter's Hall
22:43 Hunter's Hall
24:34 Chimaera Roost
24:36 Chimaera Roost
24:53 Tree of Life
26:51 Moon Well
26:53 Moon Well
26:54 Moon Well
26:56 Chimaera Roost
27:16 Tree of Life
» items
| Periapt of Vitality | 3 | |
| Boots of Speed | 1 | |
| Orb of Lightning | 2 | |
6 total

»
BoCk_ChoY (
blue | 44 APM | 1511 actions | 34:23)
7 Far Seer
3 Feral Spirit
3 Chain Lighting
1 Earth Quake
» actions
| Basic commands | 31 | |
| Build / train | 73 | |
| Enter build submenu | 20 | |
| Enter hero's abilities submenu | 7 | |
| Give item / drop item | 3 | |
| Remove unit from queue | 2 | |
| Right click | 772 | |
| Select / deselect | 522 | |
| Use ability | 81 | |
1511 total
» units
| Peon | 15 | |
| Troll Headhunter/Berserker | 10 | |
| Goblin Zeppelin | 1 | |
| Troll Batrider | 4 | |
| Shaman | 6 | |
| Raider | 7 | |
43 total
» upgrades
| Spiked Barricades | 1 | |
| Ranged Weapons | 2 | |
| Armor | 2 | |
| Troll Regeneration | 1 | |
| Shaman Training | 2 | |
| Berserker Upgrade | 1 | |
| Melee Weapons | 1 | |
| Pillage | 1 | |
11 total
» buildings
| Orc Burrow | 7 | |
| Altar of Storms | 1 | |
| War Mill | 1 | |
| Barracks | 1 | |
| Watch Tower | 3 | |
| Stronghold | 3 | |
| Voodoo Lounge | 1 | |
| Fortress | 1 | |
| Beastiary | 1 | |
| Spirit Lodge | 1 | |
| Great Hall | 3 | |
23 total
» build order
00:13 Orc Burrow
00:17 Altar of Storms
01:24 War Mill
01:28 Orc Burrow
01:32 Orc Burrow
01:52 Barracks
02:49 Orc Burrow
03:10 Watch Tower
03:55 Stronghold
04:06 Voodoo Lounge
04:25 Watch Tower
05:17 Watch Tower
06:05 Orc Burrow
07:28 Fortress
08:49 Beastiary
08:53 Spirit Lodge
09:25 Orc Burrow
10:09 Great Hall
10:30 Orc Burrow
12:45 Great Hall
16:53 Stronghold
21:08 Great Hall
21:49 Stronghold
» items
| Healing Salve | 2 | |
| Scroll of Town Portal | 2 | |
| Potion of Lesser Invulnerability | 1 | |
5 total
BEASTLEAST (
pink | 49 APM | 1943 actions | 39:55)
5 Blademaster
3 Wind Walk
2 Critical Strike
» actions
| Assign group hotkey | 28 | |
| Basic commands | 199 | |
| Build / train | 61 | |
| Enter build submenu | 19 | |
| Enter hero's abilities submenu | 5 | |
| Give item / drop item | 1 | |
| Right click | 630 | |
| Select / deselect | 201 | |
| Select group hotkey | 697 | |
| Use ability | 102 | |
1943 total
» units
| Peon | 17 | |
| Wind Rider | 7 | |
| Goblin Sapper | 1 | |
| Goblin Zeppelin | 1 | |
| Goblin Shredder | 1 | |
| Raider | 3 | |
30 total
» upgrades
| Ranged Weapons | 3 | |
| Armor | 4 | |
| Envenomed Spears | 1 | |
| Reinforced Defenses | 1 | |
| Liquid Fire | 1 | |
| Ensnare | 1 | |
| Pillage | 1 | |
| Melee Weapons | 1 | |
13 total
» buildings
| Altar of Storms | 1 | |
| Orc Burrow | 14 | |
| Voodoo Lounge | 1 | |
| Stronghold | 3 | |
| War Mill | 2 | |
| Great Hall | 2 | |
| Fortress | 2 | |
| Beastiary | 5 | |
| Watch Tower | 12 | |
42 total
» build order
00:09 Altar of Storms
00:20 Orc Burrow
00:51 Voodoo Lounge
02:06 Stronghold
02:11 War Mill
03:04 Great Hall
03:17 Orc Burrow
03:17 Orc Burrow
03:18 Orc Burrow
06:31 Fortress
06:36 Beastiary
06:37 Beastiary
06:38 Beastiary
13:46 Orc Burrow
15:46 Great Hall
15:48 War Mill
15:50 Watch Tower
15:51 Watch Tower
15:51 Watch Tower
17:08 Watch Tower
17:09 Watch Tower
17:09 Watch Tower
20:47 Stronghold
20:56 Watch Tower
20:57 Watch Tower
20:57 Watch Tower
20:58 Watch Tower
20:59 Watch Tower
21:58 Orc Burrow
21:58 Orc Burrow
24:01 Fortress
24:05 Beastiary
26:18 Beastiary
26:29 Orc Burrow
26:30 Orc Burrow
26:30 Orc Burrow
26:38 Orc Burrow
30:09 Orc Burrow
30:10 Orc Burrow
30:11 Orc Burrow
» items
| Healing Salve | 1 | |
| Boots of Speed | 1 | |
| Staff of Teleportation | 1 | |
3 total
RodeoBoi (
purple | 31 APM | 1567 actions | 49:55)
8 Tauren Chieftain
3 Endurance Aura
3 Shockwave
1 Reincarnation
1 War Stomp
» actions
| Assign group hotkey | 52 | |
| Basic commands | 83 | |
| Build / train | 74 | |
| Enter build submenu | 62 | |
| Enter hero's abilities submenu | 8 | |
| Give item / drop item | 5 | |
| Right click | 637 | |
| Select / deselect | 359 | |
| Select group hotkey | 163 | |
| Use ability | 124 | |
1567 total
» units
| Peon | 9 | |
| Grunt | 4 | |
| Goblin Shredder | 1 | |
| Goblin Zeppelin | 3 | |
| Goblin Sapper | 3 | |
| Blue Dragon | 4 | |
| Wind Rider | 4 | |
28 total
» upgrades
| Reinforced Defenses | 1 | |
| Spiked Barricades | 3 | |
| Ranged Weapons | 3 | |
| Armor | 3 | |
| Troll Regeneration | 1 | |
| Burning Oil | 1 | |
| Envenomed Spears | 1 | |
| Liquid Fire | 1 | |
| Ensnare | 1 | |
| Pillage | 1 | |
16 total
» buildings
| Orc Burrow | 5 | |
| Altar of Storms | 1 | |
| Barracks | 2 | |
| Voodoo Lounge | 2 | |
| Stronghold | 1 | |
| War Mill | 2 | |
| Great Hall | 2 | |
| Watch Tower | 52 | |
| Fortress | 1 | |
| Beastiary | 5 | |
73 total
» build order
00:16 Orc Burrow
00:50 Altar of Storms
00:51 Barracks
01:15 Orc Burrow
01:38 Voodoo Lounge
03:03 Stronghold
04:20 War Mill
04:22 Orc Burrow
05:16 Great Hall
07:02 Watch Tower
07:03 Watch Tower
07:04 Watch Tower
07:11 Fortress
07:26 Orc Burrow
10:23 Watch Tower
10:23 Watch Tower
10:23 Watch Tower
10:25 Watch Tower
10:25 Watch Tower
10:26 Watch Tower
10:27 Watch Tower
10:27 Watch Tower
10:29 Watch Tower
10:32 Watch Tower
10:34 Watch Tower
10:35 Watch Tower
11:33 Watch Tower
11:35 Watch Tower
11:37 Watch Tower
11:38 Watch Tower
11:42 Watch Tower
12:00 Watch Tower
12:02 Watch Tower
12:15 Watch Tower
14:48 Watch Tower
14:49 Watch Tower
14:51 Watch Tower
14:52 Watch Tower
14:52 Watch Tower
15:59 Watch Tower
16:01 Watch Tower
16:05 Watch Tower
16:08 Watch Tower
16:09 Watch Tower
17:36 Watch Tower
17:36 Watch Tower
17:38 Watch Tower
17:38 Watch Tower
17:40 Watch Tower
17:40 Watch Tower
20:29 Beastiary
20:36 Beastiary
20:36 Beastiary
20:37 Beastiary
20:41 Beastiary
20:43 Barracks
21:17 Great Hall
21:21 Watch Tower
21:22 Watch Tower
21:23 Watch Tower
21:25 Watch Tower
21:25 Watch Tower
21:25 Watch Tower
21:26 Watch Tower
21:27 Watch Tower
21:28 Watch Tower
21:28 Watch Tower
21:28 Watch Tower
21:38 Voodoo Lounge
21:57 War Mill
27:20 Orc Burrow
» items
| Healing Salve | 4 | |
| Potion of Healing | 3 | |
| Potion of Mana | 3 | |
| Lesser Clarity Potion | 3 | |
| Scroll of Town Portal | 5 | |
| Orb of Lightning | 1 | |
19 total
team 2 (loser)

»
snakeplisken (
teal | 44 APM | 789 actions | 18:04)
2 Keeper of the Grove
1 Thorns Aura
1 Entangling Roots
3 Paladin
1 Devotion Aura
1 Divine Shield
1 Holy Light
» actions
| Assign group hotkey | 13 | |
| Basic commands | 100 | |
| Build / train | 93 | |
| Enter build submenu | 42 | |
| Enter hero's abilities submenu | 5 | |
| Give item / drop item | 1 | |
| Remove unit from queue | 5 | |
| Right click | 121 | |
| Select / deselect | 288 | |
| Select group hotkey | 69 | |
| Use ability | 52 | |
789 total
» units
| Wisp | 24 | |
| Peasant | 12 | |
| Footman | 8 | |
| Knight | 6 | |
| Siege Engine | 16 | |
| Hippogryph | 4 | |
70 total
» upgrades
| Gunpowder | 2 | |
| Swords | 1 | |
| Plating | 1 | |
| Animal War Training | 1 | |
| Barrage | 1 | |
6 total
» buildings
| Moon Well | 2 | |
| Altar of Elders | 1 | |
| Farm | 17 | |
| Altar of Kings | 1 | |
| Barracks | 4 | |
| Keep | 2 | |
| Blacksmith | 2 | |
| Lumber Mill | 1 | |
| Castle | 1 | |
| Tree of Ages | 1 | |
| Tree of Life | 2 | |
| Workshop | 6 | |
| Tree of Eternity | 1 | |
| Ancient of Wind | 3 | |
44 total
» build order
00:33 Moon Well
00:38 Altar of Elders
01:22 Farm
01:23 Farm
01:26 Altar of Kings
01:30 Barracks
02:02 Farm
02:02 Farm
02:09 Moon Well
02:27 Keep
02:33 Barracks
02:43 Barracks
02:51 Barracks
03:11 Farm
03:19 Blacksmith
03:21 Lumber Mill
03:40 Farm
03:56 Farm
03:56 Farm
04:11 Farm
04:24 Farm
04:41 Farm
04:41 Farm
05:08 Castle
05:15 Farm
05:16 Farm
05:18 Blacksmith
05:25 Tree of Ages
05:55 Farm
05:55 Farm
06:11 Tree of Life
06:49 Farm
06:52 Workshop
06:59 Workshop
07:04 Workshop
07:06 Workshop
07:19 Workshop
07:22 Workshop
07:58 Tree of Eternity
10:10 Tree of Life
12:06 Ancient of Wind
12:08 Ancient of Wind
12:56 Ancient of Wind
joe (
orange | 48 APM | 2277 actions | 47:54)
3 Mountain King
2 Storm Bolt
1 Bash
1 Paladin
1 Holy Light
» actions
| Assign group hotkey | 77 | |
| Basic commands | 16 | |
| Build / train | 129 | |
| ESC pressed | 8 | |
| Enter build submenu | 31 | |
| Enter hero's abilities submenu | 5 | |
| Right click | 1069 | |
| Select / deselect | 606 | |
| Select group hotkey | 223 | |
| Use ability | 113 | |
2277 total
» units
| Peasant | 17 | |
| Footman | 3 | |
| Rifleman | 37 | |
| Goblin Shredder | 3 | |
| Flying Machine | 9 | |
| Wisp | 5 | |
74 total
» upgrades
| Lumber Harvesting | 1 | |
| Long Rifles | 1 | |
| Gunpowder | 2 | |
| Armor | 1 | |
| Masonry | 1 | |
| Flak Cannons | 1 | |
| Flying Machine Bombs | 1 | |
8 total
» buildings
| Altar of Kings | 2 | |
| Farm | 5 | |
| Barracks | 1 | |
| Scout Tower | 12 | |
| Arcane Tower | 2 | |
| Blacksmith | 1 | |
| Keep | 1 | |
| Lumber Mill | 1 | |
| Arcane Vault | 1 | |
| Town Hall | 1 | |
| Guard Tower | 22 | |
| Castle | 1 | |
| Workshop | 2 | |
| Altar of Elders | 1 | |
| Ancient of War | 1 | |
| Hunter's Hall | 1 | |
| Moon Well | 4 | |
| Ancient of Wind | 1 | |
60 total
» build order
00:27 Altar of Kings
00:39 Farm
00:41 Farm
00:52 Barracks
01:49 Farm
01:49 Farm
01:57 Scout Tower
02:27 Arcane Tower
02:27 Arcane Tower
02:52 Blacksmith
03:06 Farm
03:42 Keep
03:46 Lumber Mill
03:57 Arcane Vault
04:44 Town Hall
05:02 Scout Tower
05:29 Guard Tower
05:29 Guard Tower
06:13 Scout Tower
06:24 Scout Tower
06:46 Scout Tower
06:58 Guard Tower
06:58 Guard Tower
06:59 Guard Tower
07:13 Guard Tower
07:13 Guard Tower
07:14 Guard Tower
07:42 Guard Tower
07:42 Guard Tower
07:42 Guard Tower
08:55 Scout Tower
09:01 Scout Tower
09:02 Scout Tower
09:26 Guard Tower
09:33 Scout Tower
09:46 Scout Tower
11:04 Guard Tower
11:07 Scout Tower
11:08 Scout Tower
11:37 Guard Tower
11:39 Guard Tower
12:01 Guard Tower
12:01 Guard Tower
14:23 Castle
15:22 Workshop
15:23 Workshop
17:04 Altar of Kings
20:44 Altar of Elders
20:51 Ancient of War
20:55 Hunter's Hall
21:51 Moon Well
21:52 Moon Well
21:57 Moon Well
22:08 Moon Well
22:36 Ancient of Wind
» items
| Scroll of Regeneration | 1 | |
| Potion of Healing | 1 | |
| Potion of Mana | 1 | |
| Boots of Speed | 2 | |
| Circlet of Nobility | 2 | |
| Scroll of Town Portal | 2 | |
| Periapt of Vitality | 1 | |
| Scroll of Protection | 1 | |
| Staff of Teleportation | 1 | |
12 total
1morethenabreak (
yellow | 75 APM | 3745 actions | 49:52)
6 Archmage
3 Summon Water Elemental
2 Brilliance Aura
1 Mass Teleport
» actions
| Assign group hotkey | 100 | |
| Basic commands | 287 | |
| Build / train | 283 | |
| ESC pressed | 12 | |
| Enter build submenu | 109 | |
| Enter hero's abilities submenu | 6 | |
| Give item / drop item | 9 | |
| Remove unit from queue | 2 | |
| Right click | 1244 | |
| Select / deselect | 515 | |
| Select group hotkey | 858 | |
| Use ability | 320 | |
3745 total
» units
| Peasant | 23 | |
| Footman | 5 | |
| Goblin Shredder | 2 | |
| Goblin Zeppelin | 6 | |
| Dragonhawk Rider | 3 | |
| Gryphon Rider | 4 | |
| Rifleman | 1 | |
44 total
» upgrades
| Masonry | 4 | |
| Lumber Harvesting | 2 | |
| Storm Hammers | 2 | |
| Cloud | 1 | |
| Swords | 3 | |
| Armor | 5 | |
| Animal War Training | 1 | |
18 total
» buildings
| Altar of Kings | 3 | |
| Barracks | 1 | |
| Farm | 6 | |
| Lumber Mill | 4 | |
| Town Hall | 7 | |
| Arcane Vault | 1 | |
| Keep | 5 | |
| Scout Tower | 113 | |
| Guard Tower | 177 | |
| Castle | 3 | |
| Gryphon Aviary | 4 | |
| Blacksmith | 2 | |
326 total
» build order
00:50 Altar of Kings
00:51 Barracks
00:54 Altar of Kings
00:56 Farm
01:05 Farm
01:09 Farm
01:45 Farm
02:19 Farm
02:25 Farm
02:32 Lumber Mill
04:03 Town Hall
04:08 Arcane Vault
06:20 Keep
06:20 Keep
06:20 Keep
06:24 Scout Tower
06:25 Scout Tower
06:26 Scout Tower
06:26 Scout Tower
06:27 Scout Tower
06:28 Scout Tower
06:29 Scout Tower
06:30 Scout Tower
07:10 Guard Tower
08:44 Castle
08:44 Castle
08:44 Castle
08:46 Gryphon Aviary
08:48 Gryphon Aviary
10:20 Scout Tower
10:21 Scout Tower
10:22 Scout Tower
10:23 Scout Tower
10:25 Scout Tower
10:27 Scout Tower
10:30 Scout Tower
10:31 Scout Tower
10:34 Gryphon Aviary
10:44 Gryphon Aviary
11:17 Guard Tower
11:18 Guard Tower
11:18 Guard Tower
11:19 Guard Tower
11:19 Guard Tower
11:56 Guard Tower
11:56 Guard Tower
11:56 Guard Tower
11:58 Blacksmith
11:59 Blacksmith
12:23 Guard Tower
12:46 Town Hall
12:48 Scout Tower
12:48 Scout Tower
12:49 Scout Tower
12:50 Scout Tower
12:50 Scout Tower
12:51 Scout Tower
12:52 Scout Tower
12:53 Scout Tower
12:54 Scout Tower
12:54 Scout Tower
12:55 Scout Tower
12:55 Scout Tower
12:56 Scout Tower
13:19 Guard Tower
13:20 Guard Tower
13:20 Guard Tower
13:21 Guard Tower
13:21 Guard Tower
14:05 Guard Tower
14:05 Guard Tower
14:06 Guard Tower
14:14 Town Hall
14:17 Scout Tower
14:17 Scout Tower
14:18 Scout Tower
14:20 Scout Tower
14:20 Scout Tower
14:21 Scout Tower
14:22 Scout Tower
14:23 Scout Tower
14:24 Scout Tower
14:26 Scout Tower
14:26 Scout Tower
14:27 Scout Tower
14:28 Scout Tower
14:36 Guard Tower
14:37 Guard Tower
14:46 Guard Tower
14:46 Guard Tower
14:46 Guard Tower
14:48 Guard Tower
14:48 Guard Tower
14:49 Guard Tower
15:07 Guard Tower
15:08 Guard Tower
15:26 Guard Tower
15:26 Guard Tower
15:28 Guard Tower
15:28 Guard Tower
15:32 Guard Tower
15:54 Guard Tower
15:54 Guard Tower
16:03 Guard Tower
16:19 Guard Tower
16:19 Guard Tower
16:20 Guard Tower
16:25 Scout Tower
16:26 Scout Tower
16:28 Scout Tower
16:29 Scout Tower
16:35 Scout Tower
16:38 Scout Tower
16:39 Scout Tower
16:41 Scout Tower
16:42 Scout Tower
16:44 Scout Tower
16:44 Scout Tower
17:07 Scout Tower
17:09 Scout Tower
17:39 Scout Tower
17:42 Scout Tower
17:45 Guard Tower
17:45 Guard Tower
17:47 Guard Tower
17:47 Guard Tower
17:48 Guard Tower
17:49 Guard Tower
17:49 Guard Tower
17:50 Guard Tower
18:12 Guard Tower
18:12 Guard Tower
18:14 Guard Tower
18:15 Guard Tower
18:15 Guard Tower
18:15 Guard Tower
18:16 Guard Tower
18:16 Guard Tower
18:19 Guard Tower
18:19 Guard Tower
18:50 Scout Tower
18:51 Scout Tower
18:51 Scout Tower
18:52 Scout Tower
18:53 Scout Tower
18:55 Scout Tower
18:59 Guard Tower
19:00 Guard Tower
19:52 Guard Tower
19:53 Guard Tower
19:53 Guard Tower
20:13 Guard Tower
20:13 Guard Tower
21:22 Guard Tower
21:37 Guard Tower
21:38 Guard Tower
21:38 Guard Tower
21:49 Scout Tower
21:50 Scout Tower
21:54 Scout Tower
21:56 Scout Tower
21:57 Scout Tower
22:10 Scout Tower
22:11 Scout Tower
22:12 Scout Tower
22:13 Scout Tower
22:13 Scout Tower
22:15 Scout Tower
22:17 Scout Tower
22:18 Scout Tower
22:23 Guard Tower
22:23 Guard Tower
22:25 Guard Tower
22:25 Guard Tower
22:25 Guard Tower
22:30 Guard Tower
22:30 Guard Tower
22:30 Guard Tower
22:35 Guard Tower
22:35 Guard Tower
22:48 Guard Tower
22:48 Guard Tower
22:49 Guard Tower
22:53 Guard Tower
22:54 Guard Tower
22:54 Guard Tower
22:54 Guard Tower
22:57 Scout Tower
22:59 Guard Tower
22:59 Guard Tower
22:59 Guard Tower
23:03 Scout Tower
23:06 Scout Tower
23:12 Guard Tower
23:13 Guard Tower
23:20 Guard Tower
23:20 Guard Tower
23:21 Guard Tower
23:22 Guard Tower
23:25 Guard Tower
23:25 Guard Tower
23:25 Guard Tower
23:36 Guard Tower
23:36 Guard Tower
23:36 Guard Tower
23:39 Scout Tower
23:40 Scout Tower
24:15 Guard Tower
24:15 Guard Tower
24:15 Guard Tower
24:58 Lumber Mill
25:06 Lumber Mill
25:10 Lumber Mill
25:16 Scout Tower
25:19 Scout Tower
25:37 Scout Tower
25:42 Scout Tower
25:47 Guard Tower
25:48 Guard Tower
25:50 Scout Tower
25:54 Guard Tower
25:54 Guard Tower
25:55 Guard Tower
26:07 Guard Tower
26:07 Guard Tower
26:10 Scout Tower
26:11 Scout Tower
26:12 Scout Tower
26:15 Guard Tower
26:15 Guard Tower
26:16 Guard Tower
26:16 Guard Tower
26:17 Guard Tower
26:17 Guard Tower
26:24 Scout Tower
26:25 Scout Tower
26:28 Scout Tower
26:30 Scout Tower
26:39 Guard Tower
26:39 Guard Tower
26:40 Guard Tower
26:59 Keep
26:59 Keep
27:04 Guard Tower
27:04 Guard Tower
27:14 Guard Tower
27:14 Guard Tower
27:14 Guard Tower
27:30 Guard Tower
27:30 Guard Tower
27:32 Guard Tower
27:33 Guard Tower
27:33 Guard Tower
28:20 Guard Tower
28:20 Guard Tower
29:28 Town Hall
29:29 Scout Tower
29:30 Scout Tower
29:31 Scout Tower
29:31 Scout Tower
29:32 Scout Tower
29:34 Town Hall
30:41 Guard Tower
30:42 Guard Tower
30:42 Guard Tower
30:43 Scout Tower
30:46 Scout Tower
30:48 Scout Tower
30:50 Scout Tower
31:25 Guard Tower
31:25 Guard Tower
34:01 Altar of Kings
37:09 Scout Tower
37:09 Scout Tower
37:40 Guard Tower
37:40 Guard Tower
38:33 Scout Tower
38:35 Scout Tower
38:51 Town Hall
38:52 Scout Tower
38:52 Scout Tower
38:53 Scout Tower
38:53 Scout Tower
38:54 Scout Tower
38:54 Scout Tower
38:55 Scout Tower
39:00 Town Hall
39:34 Guard Tower
39:35 Guard Tower
39:35 Guard Tower
41:10 Guard Tower
41:10 Guard Tower
41:10 Guard Tower
» items
| Scroll of Regeneration | 2 | |
| Mechanical Critter | 5 | |
| Scroll of Town Portal | 2 | |
| Staff of Teleportation | 1 | |
| Ivory Tower | 4 | |
14 total
Chat log
(00:25 / All) RodeoBoi: Snake? I heard you died
(00:58 / Allies) BEASTLEAST: green
(01:04 / Allies) Psychic: ?
(01:05 / Allies) BEASTLEAST: how about you be a pale and clear me a mine
(01:27 / Allies) Psychic: Demon Hunter. Archers.
(01:36 / Allies) BoCk_ChoY: i can do that bro
(01:37 / Allies) BEASTLEAST: i would like an answer green
(01:41 / Allies) Psychic: ?
(01:44 / Allies) BEASTLEAST: yes
(01:55 / Allies) Psychic: Okay sir.
(02:01 / Allies) BEASTLEAST: thank you laddie
(02:03 / Allies) BEASTLEAST: blesss you
(02:09 / Allies) BoCk_ChoY: they will rush
(02:14 / Allies) Psychic: ( . Y . )
(10:57 / Allies) BoCk_ChoY: wood please
(11:40 / All) BEASTLEAST: aint ur day joe
(12:18 / All) joe: aint your day choy
(12:23 / All) BEASTLEAST: lawl
(13:38 / Allies) Psychic: ?
(13:50 / Allies) BEASTLEAST: really?
(13:54 / Allies) BEASTLEAST: ive crippled oj
(13:56 / Allies) BEASTLEAST: and u question me
(15:37 / Allies) BoCk_ChoY: pink
(15:38 / Allies) BoCk_ChoY: wtf
(18:41 / All) BEASTLEAST: joe #1
(19:46 / All) RodeoBoi: did green just hit my low tc?
(20:20 / Allies) BoCk_ChoY: wtf
(20:23 / Allies) BoCk_ChoY: pink
(20:25 / Allies) BEASTLEAST: yellow
(20:28 / Allies) BEASTLEAST: kiling yellows expo
(20:47 / Allies) BoCk_ChoY: you just kill my expo
(20:53 / Allies) BEASTLEAST: yellow's island
(21:08 / Allies) BEASTLEAST: com elets kill red
(22:09 / Allies) BEASTLEAST: lets hit??
(22:17 / Allies) BoCk_ChoY: fuck you
(22:20 / All) BEASTLEAST: wtf
(22:23 / All) BEASTLEAST: blue told me to fuck u
(22:24 / Allies) BoCk_ChoY: you just take my expo fucker
(22:35 / All) BEASTLEAST: dont bad mouth me
(22:37 / All) BEASTLEAST: whore
(23:22 / All) BoCk_ChoY: wtf is that game
(23:43 / Allies) RodeoBoi: there was no hall there
(23:45 / Allies) RodeoBoi: free land
(25:10 / All) BEASTLEAST: lol
(25:12 / All) BEASTLEAST: green
(25:17 / All) BEASTLEAST: juked me
(27:05 / All) joe: 18k gold O.O
(29:06 / All) Psychic: AFK.
(30:32 / All) BEASTLEAST: afk my ass
(30:36 / All) joe: lmao
(30:36 / All) BEASTLEAST: lying sack if shieet
(31:01 / All) BEASTLEAST: blue is a bad ally
(31:04 / All) BEASTLEAST: we have civil war going on here
(31:08 / Allies) BEASTLEAST: and he does nothing
(31:52 / All) BoCk_ChoY: the police is coming guy
(32:01 / All) BEASTLEAST: what
(32:06 / Allies) BoCk_ChoY: please stop the carnage
(32:14 / All) BoCk_ChoY: or i will strike
(32:30 / All) BEASTLEAST: ill stop
(32:32 / All) BEASTLEAST: sorry
(33:19 / All) RodeoBoi: Can't run from a frost dragon, bitch
(33:25 / All) BEASTLEAST: sho cant
(33:27 / Allies) BoCk_ChoY: i still have my wolfs
(33:34 / All) RodeoBoi: Oh I had 3 grunts, taking up 9 food hehe!
(33:40 / Allies) RodeoBoi: Not for long
(33:51 / All) BEASTLEAST: see if blues wolves go away
(33:55 / All) BEASTLEAST: before i die
(34:13 / Allies) BoCk_ChoY: well guys
(34:19 / Allies) BoCk_ChoY: kill yourself please
(34:21 / Allies) BoCk_ChoY: :)
(34:23 / All) BEASTLEAST: lawl
(34:26 / All) BEASTLEAST: u mean in the game
(34:50 / All) joe: choy got mad..
(35:00 / All) joe: nice dragon
(37:27 / All) BEASTLEAST: love tap time
(38:08 / All) 1morethenabreak: I CANT
(38:10 / All) 1morethenabreak: NO WORK
(38:13 / All) 1morethenabreak: CANT HIT DRAGIN
(47:56 / All) 1morethenabreak: lawl
(47:59 / All) 1morethenabreak: "noob ass nigga"
(48:03 / All) 1morethenabreak: who should lose
(48:12 / All) 1morethenabreak: Red 0-3
(48:17 / All) 1morethenabreak: Orange 400-412
(48:23 / All) 1morethenabreak: Teal 477-501
(48:38 / All) 1morethenabreak: Blue 230-234
(48:50 / All) 1morethenabreak: Greeen 1633-1817
(48:54 / All) 1morethenabreak: my team lose because 3 legit?
(48:57 / All) RodeoBoi: Probablly my team?
(49:03 / All) RodeoBoi: what's other stats on your team
(49:08 / All) 1morethenabreak: both teams are sub 50
(49:14 / All) 1morethenabreak: check f12 I just said all the stats
(49:47 / All) RodeoBoi: Snake Plisken should lose
(49:51 / All) 1morethenabreak: k